IL
LEHIGH VALLEY IRONPIGS @ LAS VEGAS 51S
07/09/2048
 
TOP OF THE 1ST
Lehigh Valley IronPigs batting - Pitching for Las Vegas 51s : RHP Austin Kuhn
Pitching: RHP Austin Kuhn
Batting: LHB Theodore Conboy 0-0: Ball
1-0: Ball
2-0: Ground out U3 (Groundball, 3, EV 88.8 MPH)
Batting: RHB Alberto Ramirez 0-0: Called Strike
0-1: Swinging Strike
0-2: Ball
1-2: Strikes out swinging
Batting: RHB Carlos Morejon 0-0: Foul Ball, location: 2F
0-1: Ball
1-1: Foul Ball, location: 2F
1-2: Ball
2-2: Fly out, F9 (Flyball, 89XD, EV 99.4 MPH)
Top of the 1st over - 0 runs, 0 hits, 0 errors, 0 left on base; Lehigh Valley 0 - Las Vegas 0
BOTTOM OF THE 1ST
Las Vegas 51s batting - Pitching for Lehigh Valley IronPigs : RHP Georgs Felitti
Pitching: RHP Georgs Felitti
Batting: SHB Jason Larson 0-0: Ball
1-0: Ball
2-0: Foul Ball, location: 2F
2-1: Ball
3-1: Base on Balls
Batting: RHB Ken Fitzpatrick 0-0: Called Strike
0-1: Called Strike
Jason Larson steals 2nd base (no throw)
0-2: Ball
1-2: Strikes out looking
Batting: RHB Josh Jones 0-0: Ball
Jason Larson steals 3rd base (no throw)
1-0: Ground out 4-3 (Groundball, 34, EV 85.6 MPH)
Jason Larson scores
Batting: SHB Harrison Feist 0-0: Called Strike
0-1: Swinging Strike
0-2: Foul Ball, location: 2F
0-2: Foul Ball, location: 2F
0-2: Ball
1-2: Strikes out swinging
Bottom of the 1st over - 1 run, 0 hits, 0 errors, 0 left on base; Lehigh Valley 0 - Las Vegas 1
TOP OF THE 2ND
Lehigh Valley IronPigs batting - Pitching for Las Vegas 51s : RHP Austin Kuhn
Batting: LHB Jose Carlos 0-0: Ball
1-0: Ball
2-0: Called Strike
2-1: Swinging Strike
2-2: Foul Ball, location: 2F
2-2: Ball
3-2: Strikes out looking
Batting: RHB Victor Arroyo 0-0: Ball
1-0: Swinging Strike
1-1: Foul Ball, location: 2F
1-2: Ball
2-2: Ball
3-2: Base on Balls
Batting: RHB Mark Schultz 0-0: Ball
1-0: SINGLE (Flyball, 8RS, EV 93.8 MPH)
Victor Arroyo to second
Batting: SHB Marco de Leon 0-0: Called Strike
0-1: Ball
1-1: Ball
2-1: Foul Ball, location: 2F
2-2: Grounds into double play, 4-6-3 (Groundball, 4D, EV 102.5 MPH)
Top of the 2nd over - 0 runs, 1 hit, 0 errors, 1 left on base; Lehigh Valley 0 - Las Vegas 1
BOTTOM OF THE 2ND
Las Vegas 51s batting - Pitching for Lehigh Valley IronPigs : RHP Georgs Felitti
Batting: SHB Nelson Powell 0-0: Called Strike
0-1: Ball
1-1: SINGLE (Groundball, 4M, EV 98.1 MPH)
Batting: RHB Darwin Mills 0-0: Ball
1-0: Swinging Strike
1-1: Called Strike
1-2: Ball
2-2: Strikes out looking
Batting: RHB Devine Adams 0-0: Grounds into double play, 4-6-3 (Groundball, 34, EV 80.0 MPH)
Bottom of the 2nd over - 0 runs, 1 hit, 0 errors, 0 left on base; Lehigh Valley 0 - Las Vegas 1
TOP OF THE 3RD
Lehigh Valley IronPigs batting - Pitching for Las Vegas 51s : RHP Austin Kuhn
Batting: RHB Moritake Fukumoto 0-0: Ball
1-0: Swinging Strike
1-1: Ball
2-1: Ball
3-1: Foul Ball, location: 2F
3-2: Foul Ball, location: 2F
3-2: Foul Ball, location: 2F
3-2: Foul Ball, location: 2F
3-2: Ground out 6-3 (Groundball, 6, EV 85.0 MPH)
Batting: RHB Kyle Reilly 0-0: Ground out 6-3 (Groundball, 6, EV 90.6 MPH)
Batting: LHB Theodore Conboy 0-0: Swinging Strike
0-1: Ball
1-1: Ball
2-1: Foul Ball, location: 2F
2-2: Ball
3-2: Fly out, F8 (Flyball, 8RM, EV 96.9 MPH)
Top of the 3rd over - 0 runs, 0 hits, 0 errors, 0 left on base; Lehigh Valley 0 - Las Vegas 1
BOTTOM OF THE 3RD
Las Vegas 51s batting - Pitching for Lehigh Valley IronPigs : RHP Georgs Felitti
Batting: LHB Jose Chavez 0-0: Foul Ball, location: 2F
0-1: Ball
1-1: Ground out 4-3 (Groundball, 4, EV 85.6 MPH)
Batting: RHB Alex Vasquez 0-0: Called Strike
0-1: Called Strike
0-2: Strikes out swinging
Batting: SHB Jason Larson 0-0: Ground out 4-3 (Groundball, 34, EV 89.4 MPH)
Bottom of the 3rd over - 0 runs, 0 hits, 0 errors, 0 left on base; Lehigh Valley 0 - Las Vegas 1
TOP OF THE 4TH
Lehigh Valley IronPigs batting - Pitching for Las Vegas 51s : RHP Austin Kuhn
Batting: RHB Alberto Ramirez 0-0: Ball
1-0: Swinging Strike
1-1: Ball
2-1: Swinging Strike
2-2: Ground out 4-3 (Groundball, 4, EV 103.8 MPH)
Batting: RHB Carlos Morejon 0-0: Foul Ball, location: 2F
0-1: Fly out, F8 (Line Drive, 8RM, EV 93.8 MPH)
Batting: LHB Jose Carlos 0-0: Called Strike
0-1: Ball
1-1: Called Strike
1-2: Foul Ball, location: 2F
1-2: Strikes out looking
Top of the 4th over - 0 runs, 0 hits, 0 errors, 0 left on base; Lehigh Valley 0 - Las Vegas 1
BOTTOM OF THE 4TH
Las Vegas 51s batting - Pitching for Lehigh Valley IronPigs : RHP Georgs Felitti
Batting: RHB Ken Fitzpatrick 0-0: Ground out 6-3 (Groundball, 56, EV 100.6 MPH)
Batting: RHB Josh Jones 0-0: Ball
1-0: Called Strike
1-1: Ball
2-1: Ball
3-1: Ground out U3 (Groundball, 3L, EV 88.8 MPH)
Batting: SHB Harrison Feist 0-0: Ball
1-0: Called Strike
1-1: Foul Ball, location: 2F
1-2: Ground out U3 (Groundball, 3, EV 107.5 MPH)
Bottom of the 4th over - 0 runs, 0 hits, 0 errors, 0 left on base; Lehigh Valley 0 - Las Vegas 1
TOP OF THE 5TH
Lehigh Valley IronPigs batting - Pitching for Las Vegas 51s : RHP Austin Kuhn
Batting: RHB Victor Arroyo 0-0: Ball
1-0: Ball
2-0: Ball
3-0: Base on Balls
Batting: RHB Mark Schultz 0-0: Ball
1-0: Ball
2-0: SINGLE (Flyball, 78S, EV 95.6 MPH)
Victor Arroyo to second
Batting: SHB Marco de Leon 0-0: SINGLE (Groundball, 34S, EV 71.2 MPH) (infield hit)
Victor Arroyo to third
Mark Schultz to second
Batting: RHB Moritake Fukumoto 0-0: Ball
1-0: Called Strike
1-1: SINGLE (Groundball, 34D, EV 107.5 MPH)
Victor Arroyo scores
Mark Schultz to third
Marco de Leon to second
Runner from 3rd tries for Home, SAFE, throw by RF to home
Batting: RHB Kyle Reilly 0-0: Swinging Strike
0-1: Ball
1-1: Called Strike
1-2: Strikes out swinging
Batting: LHB Theodore Conboy 0-0: Fly out, F6 (Popup, 4M, EV 49.4 MPH)
Batting: RHB Alberto Ramirez 0-0: Ball
1-0: Foul Ball, location: 2F
1-1: Foul Ball, location: 2F
1-2: Strikes out looking
Top of the 5th over - 2 runs, 3 hits, 0 errors, 2 left on base; Lehigh Valley 2 - Las Vegas 1
BOTTOM OF THE 5TH
Las Vegas 51s batting - Pitching for Lehigh Valley IronPigs : RHP Georgs Felitti
Batting: SHB Nelson Powell 0-0: Fly out, F8 (Flyball, 8RM, EV 76.9 MPH)
Batting: RHB Darwin Mills 0-0: Called Strike
0-1: Ground out 6-3 (Groundball, 6, EV 85.6 MPH)
Batting: RHB Devine Adams 0-0: SINGLE (Groundball, 6MD, EV 103.8 MPH)
Batting: LHB Jose Chavez 0-0: Called Strike
0-1: Ball
1-1: Ground out U3 (Groundball, 3, EV 88.8 MPH)
Bottom of the 5th over - 0 runs, 1 hit, 0 errors, 1 left on base; Lehigh Valley 2 - Las Vegas 1
TOP OF THE 6TH
Lehigh Valley IronPigs batting - Pitching for Las Vegas 51s : RHP Austin Kuhn
Batting: RHB Carlos Morejon 0-0: Ball
1-0: Ball
2-0: Ball
3-0: Called Strike
3-1: Called Strike
3-2: Strikes out swinging
Batting: LHB Jose Carlos 0-0: Ball
1-0: Ball
2-0: Called Strike
2-1: Ball
3-1: Called Strike
3-2: Base on Balls
Batting: RHB Victor Arroyo 0-0: Called Strike
0-1: Called Strike
0-2: Ball
1-2: Ball
2-2: Ball
3-2: Foul Ball, location: 2F
3-2: Fly out, F8 (Line Drive, 8LM, EV 92.5 MPH)
Batting: RHB Mark Schultz 0-0: Ball
1-0: Ball
2-0: Called Strike
2-1: Called Strike
2-2: Foul Ball, location: 2F
2-2: Ball
3-2: Strikes out swinging
Top of the 6th over - 0 runs, 0 hits, 0 errors, 1 left on base; Lehigh Valley 2 - Las Vegas 1
BOTTOM OF THE 6TH
Las Vegas 51s batting - Pitching for Lehigh Valley IronPigs : RHP Georgs Felitti
Batting: RHB Alex Vasquez 0-0: Called Strike
0-1: Foul Ball, location: 2F
0-2: Foul Ball, location: 2F
0-2: SINGLE (Groundball, 56S, EV 76.9 MPH) (infield hit)
Batting: SHB Jason Larson 0-0: Called Strike
0-1: Ball
1-1: Swinging Strike
1-2: SINGLE (Flyball, 9, EV 100.0 MPH)
Alex Vasquez to second
Batting: RHB Ken Fitzpatrick 0-0: Foul Ball, location: 2F
0-1: Grounds into double play, 6-4-3 (Groundball, 6, EV 81.2 MPH)
Alex Vasquez to third
Batting: RHB Josh Jones 0-0: Reached on error, E4 (Groundball, 4, EV 87.5 MPH)
Alex Vasquez scores
Batting: SHB Harrison Feist 0-0: Ball
1-0: Ball
2-0: SINGLE (Flyball, 56D, EV 92.5 MPH)
Josh Jones to second
Runner from 2nd tries for 3rd, SAFE, throw by LF made to third
Batting: SHB Nelson Powell 0-0: Foul Ball, location: 2F
0-1: Ball
1-1: Ball
2-1: Foul Ball, location: 2F
2-2: Foul Ball, location: 2F
2-2: Ball
3-2: Strikes out looking
Bottom of the 6th over - 1 run, 3 hits, 1 error, 2 left on base; Lehigh Valley 2 - Las Vegas 2
TOP OF THE 7TH
Lehigh Valley IronPigs batting - Pitching for Las Vegas 51s : RHP Austin Kuhn
Pitching: RHP Thomas Clark
Batting: SHB Marco de Leon 0-0: Ball
1-0: Ball
2-0: Ball
3-0: Called Strike
3-1: Swinging Strike
3-2: Fly out, F9 (Flyball, 89M, EV 93.8 MPH)
Batting: RHB Moritake Fukumoto 0-0: Foul Ball, location: 2F
0-1: Called Strike
0-2: Ball
1-2: Foul Ball, location: 2F
1-2: Ball
2-2: Ball
3-2: Foul Ball, location: 2F
3-2: Strikes out looking
Batting: RHB Kyle Reilly 0-0: Called Strike
0-1: Called Strike
0-2: Ball
1-2: Ball
2-2: Hit by Pitch
Batting: LHB Theodore Conboy 0-0: Ball
1-0: Foul Ball, location: 2F
1-1: Foul Ball, location: 2F
1-2: Ball
2-2: Strikes out looking
Top of the 7th over - 0 runs, 0 hits, 0 errors, 1 left on base; Lehigh Valley 2 - Las Vegas 2
BOTTOM OF THE 7TH
Las Vegas 51s batting - Pitching for Lehigh Valley IronPigs : RHP Georgs Felitti
Batting: RHB Darwin Mills 0-0: Ball
1-0: Ball
2-0: Ball
3-0: Base on Balls
Batting: RHB Devine Adams 0-0: Called Strike
0-1: Ball
Wild Pitch!
Darwin Mills to second
1-1: Ball
2-1: Foul Ball, location: 2F
2-2: Ball
3-2: Strikes out swinging
Batting: LHB Jose Chavez 0-0: Intentional Walk
Pitching: RHP Alex Florez
Pinch Runner at 2nd Zhao-ying Joe:
Pinch Hitting: LHB Bill Armijo 0-0: Fly out, F8 (Flyball, 89XD, EV 96.9 MPH)
Runner from 2nd tags up, SAFE at 3rd, no throw by CF
Batting: SHB Jason Larson 0-0: Swinging Strike
0-1: Foul Ball, location: 2F
0-2: Ball
1-2: Strikes out swinging
Bottom of the 7th over - 0 runs, 0 hits, 0 errors, 2 left on base; Lehigh Valley 2 - Las Vegas 2
TOP OF THE 8TH
Lehigh Valley IronPigs batting - Pitching for Las Vegas 51s : RHP Thomas Clark
Pitching: RHP Alastair Henry
Now at 2B: Nick Rang
Now at SS: Jason Larson
Now in LF: Bill Armijo
Pinch Hitting: LHB Josh George 0-0: Swinging Strike
0-1: Foul Ball, location: 2F
0-2: Strikes out looking and he ARGUES THE CALL AND IS TOSSED!
Batting: RHB Carlos Morejon 0-0: Called Strike
0-1: Ball
1-1: Called Strike
1-2: Foul Ball, location: 2F
1-2: Strikes out swinging
Batting: LHB Jose Carlos 0-0: Ball
1-0: Ball
2-0: Swinging Strike
2-1: Foul Ball, location: 2F
2-2: Ground out 6-3 (Groundball, 6M, EV 78.1 MPH)
Top of the 8th over - 0 runs, 0 hits, 0 errors, 0 left on base; Lehigh Valley 2 - Las Vegas 2
BOTTOM OF THE 8TH
Las Vegas 51s batting - Pitching for Lehigh Valley IronPigs : RHP Alex Florez
Now in RF: Bob Dixon
Batting: RHB Ken Fitzpatrick 0-0: Swinging Strike
0-1: Foul Ball, location: 2F
0-2: Strikes out swinging
Batting: RHB Josh Jones 0-0: Called Strike
0-1: Foul Ball, location: 2F
0-2: Ball
1-2: Strikes out swinging
Batting: SHB Harrison Feist 0-0: SINGLE (Groundball, 34, EV 97.5 MPH)
Batting: SHB Nelson Powell 0-0: Called Strike
0-1: Called Strike
0-2: Ball
1-2: Strikes out swinging
Bottom of the 8th over - 0 runs, 1 hit, 0 errors, 1 left on base; Lehigh Valley 2 - Las Vegas 2
TOP OF THE 9TH
Lehigh Valley IronPigs batting - Pitching for Las Vegas 51s : RHP Alastair Henry
Pitching: RHP Jason Vulich
Batting: RHB Victor Arroyo 0-0: Ball
1-0: Foul Ball, location: 2F
1-1: Ball
2-1: Swinging Strike
2-2: Foul Ball, location: 2F
2-2: Ball
3-2: Strikes out swinging
Batting: RHB Mark Schultz 0-0: Ball
1-0: Ball
2-0: Called Strike
2-1: Ball
3-1: Base on Balls
Batting: SHB Marco de Leon 0-0: Ball
1-0: Ball
2-0: Ball
3-0: Called Strike
3-1: Base on Balls
Mark Schultz to second
Batting: RHB Moritake Fukumoto 0-0: Ball
1-0: Ball
2-0: Called Strike
2-1: Swinging Strike
2-2: Ball
3-2: Foul Ball, location: 2F
3-2: Foul Ball, location: 2F
3-2: Strikes out swinging
Batting: RHB Kyle Reilly 0-0: Called Strike
0-1: Swinging Strike
0-2: Foul Ball, location: 2F
0-2: Ball
1-2: Fielders Choice at 2nd, U4 (Groundball, 4M, EV 83.1 MPH)
Top of the 9th over - 0 runs, 0 hits, 0 errors, 2 left on base; Lehigh Valley 2 - Las Vegas 2
BOTTOM OF THE 9TH
Las Vegas 51s batting - Pitching for Lehigh Valley IronPigs : RHP Alex Florez
Pitching: RHP Andy Burchfield
Batting: RHB Nick Rang 0-0: Foul Ball, location: 2F
0-1: Ball
1-1: Foul Ball, location: 2F
1-2: Ball
2-2: Ball
3-2: Foul Ball, location: 2F
3-2: Foul Ball, location: 2F
3-2: Base on Balls
Batting: RHB Devine Adams 0-0: Called Strike
0-1: Ball
1-1: Ball
2-1: Fly out, F7 (Flyball, 78M, EV 90.0 MPH)
Batting: LHB Jose Chavez 0-0: Ball
1-0: Ball
2-0: Ball
3-0: Base on Balls
Nick Rang to second
Batting: LHB Bill Armijo 0-0: Called Strike
0-1: Called Strike
0-2: Ball
1-2: Strikes out swinging
Batting: SHB Jason Larson 0-0: Swinging Strike
0-1: Called Strike
0-2: Ball
1-2: Foul Ball, location: 2F
1-2: Foul Ball, location: 2F
1-2: Ball
2-2: Strikes out looking
Bottom of the 9th over - 0 runs, 0 hits, 0 errors, 2 left on base; Lehigh Valley 2 - Las Vegas 2
TOP OF THE 10TH
Lehigh Valley IronPigs batting - Pitching for Las Vegas 51s : RHP Jason Vulich
Batting: LHB Theodore Conboy 0-0: Fly out, F8 (Flyball, 8LS, EV 85.0 MPH)
Batting: SHB Bob Dixon 0-0: Ball
1-0: Swinging Strike
1-1: Ball
2-1: Fly out, F7 (Flyball, 7D, EV 85.0 MPH)
Batting: RHB Carlos Morejon 0-0: Hit by Pitch
Batting: LHB Jose Carlos 0-0: Hit by Pitch
Carlos Morejon to second
Batting: RHB Victor Arroyo 0-0: Ball
1-0: Ball
2-0: Ball
3-0: Called Strike
3-1: Base on Balls
Carlos Morejon to third
Jose Carlos to second
Batting: RHB Mark Schultz 0-0: Ball
1-0: Called Strike
1-1: Foul Ball, location: 2F
1-2: Ground out 1-3 (Groundball, 23, EV 71.2 MPH)
Top of the 10th over - 0 runs, 0 hits, 0 errors, 3 left on base; Lehigh Valley 2 - Las Vegas 2
BOTTOM OF THE 10TH
Las Vegas 51s batting - Pitching for Lehigh Valley IronPigs : RHP Andy Burchfield
Batting: RHB Ken Fitzpatrick 0-0: DOUBLE (Line Drive, 7LS, EV 106.9 MPH)
Batting: RHB Josh Jones 0-0: Called Strike
0-1: Ball
1-1: Foul Ball, location: 2F
1-2: Ball
2-2: Strikes out swinging
Batting: SHB Harrison Feist 0-0: Ball
1-0: Called Strike
1-1: Swinging Strike
1-2: Ball
2-2: SINGLE (Groundball, 34D, EV 101.2 MPH)
Ken Fitzpatrick to third
Pitching: LHP Ignacio Amaya
Batting: SHB Nelson Powell 0-0: Swinging Strike
0-1: Ball
1-1: Ball
2-1: Foul Ball, location: 2F
2-2: Ball
3-2: Fielders Choice at home, 1-2 (Groundball, 25, EV 70.6 MPH)
Harrison Feist to second
Pinch Runner at 2nd Roger Renteria:
Batting: RHB Nick Rang 0-0: Ball
1-0: SINGLE (Groundball, 56S, EV 69.4 MPH) (infield hit)
Roger Renteria to third
Nelson Powell to second
Batting: RHB Devine Adams 0-0: Ball
1-0: Swinging Strike
1-1: Ball
2-1: Foul Ball, location: 2F
2-2: Strikes out looking
Bottom of the 10th over - 0 runs, 3 hits, 0 errors, 3 left on base; Lehigh Valley 2 - Las Vegas 2
TOP OF THE 11TH
Lehigh Valley IronPigs batting - Pitching for Las Vegas 51s : RHP Jason Vulich
Batting: SHB Marco de Leon 0-0: Called Strike
0-1: Foul Ball, location: 2F
0-2: Ball
1-2: Fly out, F8 (Flyball, 8RD, EV 98.1 MPH)
Batting: RHB Moritake Fukumoto 0-0: Ball
1-0: Ball
2-0: Ball
3-0: Foul Ball, location: 2F
3-1: Foul Ball, location: 2F
3-2: Strikes out looking
Batting: RHB Kyle Reilly 0-0: Ball
1-0: Ground out U3 (Groundball, 34S, EV 89.4 MPH)
Top of the 11th over - 0 runs, 0 hits, 0 errors, 0 left on base; Lehigh Valley 2 - Las Vegas 2
BOTTOM OF THE 11TH
Las Vegas 51s batting - Pitching for Lehigh Valley IronPigs : LHP Ignacio Amaya
Pitching: RHP Lucas McPhillie
Batting: LHB Jose Chavez 0-0: Ball
1-0: Ball
2-0: Ball
3-0: Called Strike
3-1: Base on Balls
Batting: LHB Bill Armijo 0-0: Called Strike
0-1: Bunt - Flyout to 5S! F5
Batting: SHB Jason Larson 0-0: Ball
1-0: Ball
Jose Chavez steals 2nd base
2-0: Foul Ball, location: 2F
2-1: Called Strike
2-2: Foul Ball, location: 2F
2-2: Ball
3-2: Fly out, F8 (Flyball, 8LXD, EV 96.2 MPH)
Runner from 2nd tags up, SAFE at 3rd, no throw by CF
Batting: RHB Ken Fitzpatrick 0-0: Ball
1-0: SINGLE (Groundball, 25, EV 69.4 MPH) (infield hit)
Jose Chavez scores
Bottom of the 11th over - 1 run, 1 hit, 0 errors, 1 left on base; Lehigh Valley 2 - Las Vegas 3
Tuesday, March 28th , 2023 - OOTP Baseball 23.10 Build 110